 Dungeon Crawl Stone Soup version 0.17.1-2-g5865329 (webtiles) character file.

1267 Rookster the Ruffian (level 8, -7/78 HPs)
             Began as a Troll Monk on Feb 9, 2016.
             Was an Elder of Makhleb.
             Mangled by Uhlv's ghost (20 damage)
             ... on level 6 of the Dungeon on Feb 10, 2016.
             The game lasted 00:36:47 (4173 turns).

Rookster the Ruffian (Troll Monk)                   Turns: 4173, Time: 00:36:47

Health: -7/78      AC:  7    Str: 20      XL:     8   Next: 27%
Magic:  8/8        EV: 12    Int:  6      God:    Makhleb [****..]
Gold:   130        SH:  0    Dex: 13 (14) Spells: 0 memorised, 7 levels left

rFire  + . .     SeeInvis .       - Unarmed
rCold  . . .     Clarity  .     a - +1 robe
rNeg   . . .     SustAt   .     (no shield)
rPois  .         Gourm    +     (helmet restricted)
rElec  .         Spirit   .     d - +0 cloak
rCorr  .         Warding  .     (gloves unavailable)
rMut   .         Stasis   .     (boots unavailable)
MR     .....                    (no amulet)
Stlth  +++.......               t - ring of protection from fire
                                v - ring of stealth

@: not resistant to hostile enchantments, fairly stealthy
A: unfitting armour, claws 3, fast metabolism 3, gourmand, regeneration 2,
shaggy fur 1, tough skin 2
a: Minor Destruction, Lesser Servant of Makhleb, Major Destruction, Renounce
Religion


You were on level 6 of the Dungeon.
You worshipped Makhleb.
Makhleb was greatly pleased with you.
You were very full.

You visited 1 branch of the dungeon, and saw 6 of its levels.

You collected 130 gold pieces.

Inventory:

Hand Weapons
 p - a +0 dagger of electrocution
 q - a +1 whip of freezing
Missiles
 g - 22 poisoned needles
Armour
 a - a +1 robe (worn)
 d - a +0 cloak (worn)
Jewellery
 n - an uncursed ring of loudness
 t - a ring of protection from fire (right claw)
 v - a ring of stealth (left claw)
Wands
 z - a wand of frost (23)
Scrolls
 m - 3 scrolls of remove curse
 s - a scroll of teleportation
 x - a scroll of magic mapping
 y - 2 scrolls of amnesia
Potions
 c - a potion of curing
 e - a potion of flight {unknown}
 f - 2 potions of ambrosia
 i - 2 potions of lignification
 k - 4 potions of heal wounds {unknown}
 u - a potion of haste {unknown}
 w - a potion of berserk rage {unknown}
 A - 2 potions of magic {unknown}
Books
 r - a book of the Earth

   Spells                             Type                      Level
   a - Leda's Liquefaction            Hexes/Earth                  4
   b - Bolt of Magma                  Conjuration/Fire/Earth       5
   c - Statue Form                    Transmutation/Earth          6
   d - Iron Shot                      Conjuration/Earth            6
   e - Shatter                        Earth                        9
Comestibles
 b - 7 bread rations
 h - a royal jelly
 j - 2 meat rations
 l - 3 fruits
 o - 2 beef jerkies


   Skills:
 + Level 4.0 Fighting
 + Level 5.6 Dodging
 + Level 2.1 Stealth
 * Level 6.8 Unarmed Combat
 * Level 2.5 Invocations


You had 7 spell levels left.
You didn't know any spells.

Dungeon Overview and Level Annotations

Branches:
Dungeon (6/15)
 Temple: D:4-7

Altars:
Ashenzari
Cheibriados
Fedhas
Makhleb
Nemelex Xobeh
Qazlal
Ru

Annotations:
D:6 Uhlv's ghost, novice HOFi


Innate Abilities, Weirdness & Mutations

You are too large for most types of armour.
You have claws for hands.
Your metabolism is lightning-fast.
You like to eat raw meat.
You heal very quickly.
You are covered in fur (AC +1).
You have very tough skin (AC +2).


Message History

A giant cockroach zombie comes into view.
Found a slice of pizza.
Found a stone staircase leading down.
Found a scroll of identify.
The orc warrior closely misses you.
Found a garnet ring.
You see here a scroll of immolation.
You see here 2 blue potions.
Found an amulet of inaccuracy.
Uhlv's ghost shrieks, "Very impressive.
But it won't help.
Nothing will."
You see here an amulet of inaccuracy.
Uhlv's ghost hits you!!
* * * LOW HITPOINT WARNING * * *
Found 23 stones.
The orc barely misses you.
Found an escape hatch in the floor.
Uhlv's ghost hits you!
* * * LOW HITPOINT WARNING * * *
The orc barely misses you. Uhlv's ghost hits you!!
You die...

# #..# .#...# #.#..#
#.#..## #.#...
#.#.## #..#.# #.@.#
#W.##
.######Zo#########
.........o...."..#
.##..###.........#.#
#. #.........#.# #
#....?....#.##
(.............#
###............#


You could see an orc warrior, Uhlv's ghost, an orc and a giant cockroach zombie.

Vanquished Creatures
  The ghost of FortyThree the Twirler, an amateur DsWn of Okawaru (D:4)
  Sigmund (D:5)
  Eustachio (D:5)
  An ice beast (D:5)
  Blork the orc (D:5)
  A quasit (D:6)
  A centaur zombie (D:5)
  2 hounds (D:4)
  4 orc wizards
  3 orc priests
  Terence (D:3)
  2 worker ants (D:5)
  A worker ant zombie (D:5)
  4 gnolls (D:3)
  7 adders
  An adder zombie (D:5)
  3 worms
  An adder skeleton (D:4)
  3 giant geckos
  16 orcs
  5 bats
  7 hobgoblins
  9 kobolds
  A ball python skeleton (D:5)
  5 giant cockroaches
  A giant gecko zombie (D:5)
  5 giant newts
  9 goblins
  8 rats
  A bush (D:4)
  A plant (D:4)
107 creatures vanquished.

Notes
Turn   | Place    | Note
--------------------------------------------------------------
     0 | D:1      | Rookster the Troll Monk began the quest for the Orb.
     0 | D:1      | Reached XP level 1. HP: 22/22 MP: 0/0
   199 | D:1      | Reached XP level 2. HP: 29/29 MP: 1/1
   695 | D:2      | Found a burning altar of Makhleb.
   695 | D:2      | Found a snail-covered altar of Cheibriados.
   695 | D:2      | Found a sacrificial altar of Ru.
   707 | D:2      | Became a worshipper of Makhleb the Destroyer
   707 | D:2      | Reached * piety under Makhleb
   707 | D:2      | Reached ** piety under Makhleb
   820 | D:2      | Found a shattered altar of Ashenzari.
   823 | D:2      | Reached XP level 3. HP: 36/36 MP: 2/2
   952 | D:2      | Found a sparkling altar of Nemelex Xobeh.
  1657 | D:3      | Noticed Terence
  1667 | D:3      | Killed Terence
  1667 | D:3      | Reached XP level 4. HP: 44/44 MP: 3/3
  1720 | D:3      | Reached *** piety under Makhleb
  1771 | D:3      | Reached skill level 5 in Unarmed Combat
  1771 | D:3      | Reached XP level 5. HP: 52/52 MP: 4/4
  1987 | D:3      | HP: 2/53 [gnoll/flail (4)]
  2036 | D:3      | Reached XP level 6. HP: 27/61 MP: 5/5
  2390 | D:4      | Found a stormy altar of Qazlal.
  2390 | D:4      | Found a blossoming altar of Fedhas.
  2653 | D:4      | Noticed FortyThree's ghost (amateur DsWn)
  2669 | D:4      | Killed FortyThree's ghost
  2669 | D:4      | Reached skill level 1 in Invocations
  2669 | D:4      | Reached XP level 7. HP: 32/67 MP: 6/6
  2880 | D:4      | Reached **** piety under Makhleb
  3107 | D:5      | Entered Level 5 of the Dungeon
  3140 | D:5      | Noticed Eustachio
  3161 | D:5      | Killed Eustachio
  3161 | D:5      | Reached skill level 5 in Dodging
  3161 | D:5      | Reached skill level 6 in Unarmed Combat
  3189 | D:5      | Noticed Sigmund
  3201 | D:5      | Killed Sigmund
  3271 | D:5      | Reached XP level 8. HP: 78/78 MP: 8/8
  3556 | D:5      | Noticed Blork the orc
  3563 | D:5      | Killed Blork the orc
  4081 | D:6      | Noticed Uhlv's ghost (novice HOFi)
  4173 | D:6      | Mangled by Uhlv's ghost

Action                   |  1- 3 |  4- 6 |  7- 9 || total
-------------------------+-------+-------+-------++-------
Melee: Unarmed           |   111 |   201 |   118 ||   430
  Use: Scroll            |    10 |     3 |     3 ||    16
       Potion            |       |     1 |       ||     1
 Stab: Sleeping          |     3 |       |     3 ||     6
  Eat: Chunk             |    13 |    14 |    15 ||    42
